 Dungeon Crawl Stone Soup version 0.19.4-10-g532645f (webtiles) character file.

134095 Jynx the Bludgeoner (level 16, -8/157 HPs)
             Began as a Minotaur Fighter on Feb 22, 2017.
             Was a High Priest of Okawaru.
             Mangled by an eight-headed hydra (9 damage)
             ... on level 4 of the Swamp.
             The game lasted 00:58:32 (28762 turns).

Jynx the Bludgeoner (Minotaur Fighter)             Turns: 28762, Time: 00:58:34

Health: -8/157     AC: 29    Str: 27    XL:     16   Next: 61%
Magic:  5/10       EV: 13    Int:  9    God:    Okawaru [*****.]
Gold:   2674       SH: 17    Dex: 21    Spells: 0 memorised, 15 levels left

rFire  . . .     SeeInvis .     Q - +6 morningstar (crush)
rCold  . . .     Gourm    .     B - +0 storm dragon scales
rNeg   . . .     Faith    .     V - +0 shield {reflect}
rPois  +         Spirit   .     H - +1 hat {MR+}
rElec  +         Reflect  +     K - +2 cloak
rCorr  .         Harm     +     v - +0 pair of gloves
MR     ++...                    P - +2 pair of boots {Fly}
Stlth  ..........               y - amulet of harm
                                n - ring of poison resistance
                                X - ring of the Genius {rElec MP-9 Str+4 Int+3 Dex+7}

@: about to teleport, heroism, flying, very slightly contaminated
A: retaliatory headbutt, horns 2
a: Heroism, Finesse, Renounce Religion, Stop Flying


You were on level 4 of the Swamp.
You worshipped Okawaru.
Okawaru was extremely pleased with you.
You were hungry.

You visited 5 branches of the dungeon, and saw 27 of its levels.
You also visited: Sewer and Volcano.

You collected 2904 gold pieces.
You spent 230 gold pieces at shops.

Inventory:

Hand Weapons
 Q - a +6 morningstar of crushing (weapon)
Armour
 k - a +2 pair of boots of running
 v - a +0 pair of gloves (worn)
 B - +0 storm dragon scales (worn)
 H - a +1 hat of magic resistance (worn)
 K - a +2 cloak (worn)
 P - a +2 pair of boots of flying (worn)
 R - a +0 buckler of fire resistance
 V - a +0 shield of reflection (worn)
Jewellery
 n - a ring of poison resistance (right hand)
 s - an uncursed ring of protection from magic
 w - an uncursed ring of protection from fire
 y - an amulet of harm (around neck)
 I - an uncursed ring of positive energy
 X - the ring of the Genius (left hand) {rElec MP-9 Str+4 Int+3 Dex+7}
   (You acquired it on level 14 of the Dungeon)

   [ring of intelligence]

   It affects your strength (+4).
   It affects your intelligence (+3).
   It affects your dexterity (+7).
   It insulates you from electricity.
   It affects your magic capacity (-9).
Wands
 z - a wand of heal wounds (0/9)
 M - a wand of heal wounds (2/9)
Scrolls
 l - 7 scrolls of remove curse
 t - 9 scrolls of teleportation
 x - 8 scrolls of recharging
 C - 4 scrolls of fog
 F - 4 scrolls of fear
 U - 6 scrolls of magic mapping
 Y - a scroll of silence
Potions
 c - a potion of resistance {unknown}
 d - 8 potions of might
 e - 2 potions of berserk rage
 g - 5 potions of flight
 h - 3 potions of cancellation
 j - 3 potions of brilliance
 m - 8 potions of lignification
 o - 4 potions of agility
 r - 6 potions of heal wounds {unknown}
 u - 3 potions of invisibility {unknown}
 D - 8 potions of magic {unknown}
 E - 4 potions of haste {unknown}
 G - 5 potions of curing {unknown}
 J - 2 potions of mutation {unknown}
 N - 2 potions of degeneration {unknown}
 O - 2 potions of beneficial mutation {unknown}
Comestibles
 b - 31 fruits
 f - 13 bread rations
 i - 12 meat rations
 p - 7 beef jerkies
 q - 2 royal jellies
 L - 6 slices of pizza


   Skills:
 + Level 18.2(23.2) Fighting
 + Level 20.9(25.9) Maces & Flails
 + Level 14.5(19.5) Armour
 + Level 14.0(19.0) Shields
 - Level 5.5 Invocations


You had 15 spell levels left.
You didn't know any spells.

Dungeon Overview and Level Annotations

Branches:
Dungeon (14/15)            Temple (1/1) D:6            Lair (6/6) D:11
  Swamp (4/4) Lair:2       Spider (0/4) Lair:2        Slime (0/5) Lair:6
    Orc (2/2) D:10            Elf (0/3) Orc:2        Vaults (0/5) D:13

Altars:
Ashenzari
Cheibriados
Dithmenos
Elyvilon
Fedhas
Makhleb
Okawaru
Qazlal
Ru
Zin
The Shining One
Beogh

Shops:
D:10 [(   Orc:2 [([(:

Portals:
Trove: D:13 (give 19 potions of curing)


Innate Abilities, Weirdness & Mutations

You reflexively headbutt those who attack you in melee.
You have a pair of horns on your head.


Message History

Press: ? - help, Shift-Dir - straight line, f - you Nothing appears to happen.
The eight-headed hydra bites you but does no damage.
You block the eight-headed hydra's attack.
The eight-headed hydra bites you.
* * * LOW HITPOINT WARNING * * *
The eight-headed hydra closely misses you.
The eight-headed hydra bites you but does no damage.
The eight-headed hydra barely misses you.
The eight-headed hydra bites you.
* * * LOW HITPOINT WARNING * * *
The eight-headed hydra bites you but does no damage.
As you read the scroll of teleportation, it crumbles to dust.
You feel strangely unstable.
You block the eight-headed hydra's attack. x2
The eight-headed hydra bites you but does no damage.
The eight-headed hydra bites you.
* * * LOW HITPOINT WARNING * * *
The eight-headed hydra bites you!
You die...

♣♣♣♣♣ ♣♣♣♣≈.≈♣♣ ♣≈..≈≈≈.♣♣ ♣♣♣
♣..≈≈≈§.≈♣♣♣
♣♣♣♣♣♣♣♣≈♣♣♣.≈≈.....≈♣≈
♣.≈≈.§..)♣♣≈....≈....♣.
♣≈≈≈..≈≈≈......§≈≈≈≈.≈≈ *****
♣≈≈≈..≈≈≈.....≈≈≈≈≈≈.^. ***≈≈≈*
♣♣.≈≈≈≈@≈≈≈≈♣♣.≈≈≈≈..♣♣§
*≈≈≈≈≈*♣♣≈.§§§DD§≈§.♣♣.≈≈≈♣♣♣♣♣♣
***≈≈**♣.≈≈≈§≈§..≈♣≈♣♣♣♣.≈♣ *≈≈*
♣♣≈≈.§§§≈♣♣♣♣♣ ♣♣♣♣ **≈*
♣≈♣.§§≈♣♣♣ *♣♣♣♣♣♣.≈≈.♣ ♣♣=≈♣
♣♣♣≈≈♣ ♣...♣ ♣.f♣♣♣♣♣♣♣
♣...♣♣♣♣♣..♣§§...♣


You could see a shambling mangrove, an eight-headed hydra and a swamp dragon.

Vanquished Creatures
  Rupert (D:12)
  A thorn hunter (Swamp:3)
  Donald (Swamp:1)
  2 orc warlords
  2 stone giants
  The ghost of Schimscham the Blocker, a journeyman FoFi of Elyvilon (Volcano)
  The ghost of vilekko the Protected, a journeyman MiFi of Okawaru (D:13)
  3 catoblepae (Lair:6)
  7 vault guards (D:13)
  22 hydras
  3 ghost crabs
  3 centaur warriors (D:13)
  14 alligators
  16 death yaks
  Urug (Lair:4)
  The ghost of vilekko the Fighter, a novice MiFi of Elyvilon (D:8)
  5 spriggans
  An unseen horror (D:13)
  6 swamp dragons
  2 spriggan druids (Swamp:4)
  7 hill giants
  A shambling mangrove (Swamp:1)
  A necromancer (Swamp:4)
  2 orc knights
  A deep elf mage (D:13)
  2 cyclopes
  5 orc sorcerers
  8 ugly things
  2 manticores (D:13)
  15 elephants
  Maurice (D:9)
  4 black mambas
  10 spiny frogs
  4 gargoyles
  Psyche (D:9)
  A rime drake (Lair:6)
  A kobold demonologist (D:14)
  7 komodo dragons
  An efreet (Volcano)
  A hydra zombie (Swamp:4)
  2 jumping spiders (Lair:2)
  6 trolls
  A two-headed ogre (D:13)
  8 tyrant leeches
  2 polar bears
  4 hornets
  15 blink frogs
  7 hippogriffs
  4 bog bodies
  A harpy skeleton (D:14)
  8 dream sheep
  5 shadows
  Sigmund (D:2)
  2 fire elementals (Volcano)
  48 yaks
  A redback (Lair:2)
  3 wyverns
  3 fire bats (Lair:1)
  3 basilisks
  2 hungry ghosts
  A steam dragon (D:12)
  11 vampire mosquitoes
  2 mottled dragons
  23 swamp worms
  7 wargs
  9 water moccasins
  20 insubstantial wisps
  8 swamp drakes
  5 porcupines
  4 ice beasts
  6 sky beasts
  40 orc warriors
  2 black bears (D:7)
  A hornet zombie (Swamp:4)
  3 phantoms
  9 ogres
  2 necrophages
  19 wolves
  10 centaurs
  11 crocodiles
  7 big kobolds
  18 bullfrogs
  A gnoll sergeant (D:9)
  An earth elemental (Volcano)
  A wyvern skeleton (D:9)
  5 scorpions
  11 killer bees
  4 electric eels
  6 crimson imps
  A bullfrog zombie (D:12)
  2 centaur zombies
  3 jellies
  31 orc priests
  8 hounds
  3 bullfrog skeletons
  3 centaur skeletons
  An iguana (D:4)
  38 orc wizards
  8 worker ants
  A hound zombie (D:8)
  A hound skeleton (D:6)
  8 gnolls
  4 worker ant zombies
  A swamp drake zombie (Swamp:4)
  18 adders
  A howler monkey skeleton (D:5)
  2 river rats (Sewer)
  4 shadow imps
  12 white imps (Orc:2)
  3 oozes
  4 adder skeletons
  An adder zombie (D:8)
  6 worms
  3 dart slugs
  5 leopard geckos
  143 orcs
  7 giant cockroaches
  7 goblins
  7 hobgoblins
  11 jackals
  3 quokkas
  23 ball pythons
  3 bats (D:1)
  5 frilled lizards
  A jackal zombie (D:8)
  31 kobolds
  A leopard gecko skeleton (D:8)
  A quokka zombie (D:5)
  30 rats
  A fungus (Lair:4)
  4 plants
991 creatures vanquished.

Vanquished Creatures (others)
  A blink frog (Swamp:4)
  A swamp drake (Swamp:4)
  2 orc wizards
  A gnoll (D:9)
  An orc (Orc:1)
  A fungus (Lair:1)
  4 plants
11 creatures vanquished.

Grand Total: 1002 creatures vanquished

Notes
Turn   | Place    | Note
-------+----------+-------------------------------------------
     0 | D:1      | Jynx the Minotaur Fighter began the quest for the Orb.
     0 | D:1      | Reached XP level 1. HP: 19/19 MP: 0/0
   172 | D:1      | Reached XP level 2. HP: 26/27 MP: 1/1
   250 | D:1      | Reached skill level 3 in Maces & Flails
   417 | D:1      | Reached XP level 3. HP: 23/34 MP: 2/2
   843 | D:2      | Reached skill level 4 in Maces & Flails
   903 | D:2      | Noticed Sigmund
   914 | D:2      | Killed Sigmund
   914 | D:2      | Reached skill level 5 in Fighting
   914 | D:2      | Reached skill level 5 in Maces & Flails
   914 | D:2      | Reached XP level 4. HP: 16/42 MP: 3/3
   914 | D:2      | Reached XP level 5. HP: 19/48 MP: 4/4
  1598 | D:2      | Found a glowing golden altar of the Shining One.
  1670 | D:2      | Reached skill level 6 in Maces & Flails
  2013 | D:3      | Reached XP level 6. HP: 44/57 MP: 5/5
  2963 | D:3      | Reached skill level 7 in Maces & Flails
  3148 | D:4      | Reached XP level 7. HP: 63/64 MP: 6/6
  3223 | D:4      | Reached skill level 8 in Maces & Flails
  3288 | D:4      | Found a sacrificial altar of Ru.
  3677 | D:4      | Reached skill level 9 in Maces & Flails
  3896 | D:4      | Identified a +0 pair of boots of running (You found it on level 4 of the Dungeon)
  3922 | D:5      | Entered Level 5 of the Dungeon
  3951 | D:5      | Reached XP level 8. HP: 73/73 MP: 7/7
  4307 | D:5      | Reached skill level 10 in Maces & Flails
  4608 | D:6      | Found a glowing drain.
  4620 | Sewer    | Entered a sewer
  4937 | Sewer    | Reached skill level 11 in Maces & Flails
  5084 | D:6      | Found a glowing silver altar of Zin.
  5109 | D:6      | Found a staircase to the Ecumenical Temple.
  5123 | Temple   | Entered the Ecumenical Temple
  5130 | Temple   | Became a worshipper of Warmaster Okawaru
  5364 | D:6      | Reached XP level 9. HP: 83/83 MP: 8/8
  5752 | D:7      | Reached skill level 12 in Maces & Flails
  5841 | D:7      | Reached * piety under Okawaru
  6073 | D:7      | Reached skill level 10 in Fighting
  6191 | D:7      | Reached skill level 13 in Maces & Flails
  6630 | D:7      | Found a white marble altar of Elyvilon.
  6661 | D:8      | Noticed vilekko's ghost (novice MiFi)
  6675 | D:8      | Killed vilekko's ghost
  6675 | D:8      | Reached ** piety under Okawaru
  6675 | D:8      | Reached XP level 10. HP: 91/94 MP: 6/9
  6907 | D:8      | Reached skill level 14 in Maces & Flails
  7326 | D:9      | Noticed Psyche
  7333 | D:9      | Killed Psyche
  7333 | D:9      | Reached *** piety under Okawaru
  7373 | D:9      | Found a blossoming altar of Fedhas.
  7709 | D:9      | Found a shattered altar of Ashenzari.
  7726 | D:9      | Noticed Maurice
  7731 | D:9      | Killed Maurice
  7742 | D:9      | Reached **** piety under Okawaru
  8060 | D:9      | Reached skill level 15 in Maces & Flails
  8099 | D:9      | Reached skill level 1 in Invocations
  8413 | D:9      | Noticed a three-headed hydra
  8427 | D:9      | Killed a three-headed hydra
  8427 | D:9      | Reached XP level 11. HP: 69/104 MP: 8/11
  8941 | D:10     | Entered Level 10 of the Dungeon
  9015 | D:10     | Reached ***** piety under Okawaru
  9094 | D:10     | Found Guxe's Armour Emporium.
  9095 | D:10     | Found a staircase to the Orcish Mines.
  9095 | D:10     | Found Lysk's Weapon Emporium.
  9210 | D:10     | Noticed a hill giant
  9215 | D:10     | Killed a hill giant
  9347 | D:10     | Noticed a hill giant
  9357 | D:10     | Killed a hill giant
  9357 | D:10     | Reached skill level 16 in Maces & Flails
  9820 | D:11     | Noticed a hill giant
  9828 | D:11     | Killed a hill giant
 10077 | D:11     | Received a gift from Okawaru
 10212 | D:11     | Found a staircase to the Lair.
 10291 | D:11     | Noticed a purple ugly thing
 10300 | D:11     | Killed a purple ugly thing
 10320 | D:11     | Noticed a hill giant
 10331 | D:11     | Killed a hill giant
 10331 | D:11     | Reached skill level 5 in Invocations
 11101 | Lair:1   | Entered Level 1 of the Lair of Beasts
 11101 | Lair:1   | Found a snail-covered altar of Cheibriados.
 11410 | Lair:1   | Reached XP level 12. HP: 108/115 MP: 15/15
 11413 | Lair:1   | Reached skill level 17 in Maces & Flails
 11692 | Lair:1   | Noticed a four-headed hydra
 11700 | Lair:1   | Killed a four-headed hydra
 11700 | Lair:1   | Received a gift from Okawaru
 11700 | Lair:1   | Reached skill level 5 in Armour
 11764 | Lair:1   | Found a dark tunnel.
 11783 | Volcano  | Entered a volcano
 11871 | Volcano  | Noticed Schimscham's ghost (journeyman FoFi)
 11888 | Volcano  | Killed Schimscham's ghost
 11891 | Volcano  | Noticed a stone giant
 11906 | Volcano  | HP: 6/172 [stone giant (22)]
 11908 | Volcano  | Killed a stone giant
 12638 | Lair:1   | Reached skill level 5 in Shields
 12981 | Lair:2   | Found a hole to the Spider Nest.
 13413 | Lair:2   | Found a staircase to the Swamp.
 13511 | Lair:2   | Noticed a death yak
 13512 | Lair:2   | Noticed a death yak
 13513 | Lair:2   | Noticed a death yak
 13519 | Lair:2   | Killed a death yak
 13530 | Lair:2   | Killed a death yak
 13537 | Lair:2   | Killed a death yak
 13773 | Lair:2   | Reached XP level 13. HP: 117/124 MP: 16/16
 14147 | Lair:3   | Received a gift from Okawaru
 14452 | Lair:3   | Reached skill level 18 in Maces & Flails
 15124 | Lair:4   | Reached ****** piety under Okawaru
 15316 | Lair:4   | Noticed Urug
 15327 | Lair:4   | Killed Urug
 15466 | Lair:4   | Reached skill level 15 in Fighting
 16777 | Lair:6   | Entered Level 6 of the Lair of Beasts
 16891 | Lair:6   | Reached skill level 10 in Armour
 16948 | Lair:6   | Found a staircase to the Slime Pits.
 16978 | Lair:6   | Received a gift from Okawaru
 17548 | Lair:6   | Reached XP level 14. HP: 100/135 MP: 17/17
 17873 | Lair:6   | Reached skill level 10 in Shields
 17892 | Lair:6   | Reached skill level 19 in Maces & Flails
 18049 | Lair:6   | Received a gift from Okawaru
 18796 | Orc:1    | Entered Level 1 of the Orcish Mines
 18980 | Orc:2    | Entered Level 2 of the Orcish Mines
 18980 | Orc:2    | Noticed an orc warlord
 19010 | Orc:1    | Killed an orc warlord
 19392 | Orc:2    | Found a frozen archway.
 19733 | Orc:2    | Noticed a stone giant
 19741 | Orc:2    | Killed a stone giant
 20016 | Orc:2    | Found a roughly hewn altar of Beogh.
 20058 | Orc:2    | Found a roughly hewn altar of Beogh.
 20194 | Orc:2    | Found a roughly hewn altar of Beogh.
 20196 | Orc:2    | Found Anlaodd's Weapon Emporium.
 20267 | Orc:2    | Noticed an orc warlord
 20290 | Orc:2    | Killed an orc warlord
 20805 | Orc:2    | Found a roughly hewn altar of Beogh.
 20806 | Orc:2    | Found Owked's Book Emporium.
 20880 | Orc:2    | Found Siaff's Antique Armour Emporium.
 20880 | Orc:2    | Found a roughly hewn altar of Beogh.
 20894 | Orc:2    | Found Cimo's Antique Weapon Shoppe.
 20987 | Orc:2    | Found a staircase to the Elven Halls.
 20988 | Orc:2    | Found Went's Armour Emporium.
 20999 | Orc:2    | Found a roughly hewn altar of Beogh.
 22396 | Orc:2    | Bought a runed morningstar for 230 gold pieces
 22963 | D:12     | Received a gift from Okawaru
 23013 | D:12     | Reached XP level 15. HP: 130/145 MP: 18/18
 23177 | D:12     | Noticed Rupert
 23192 | D:12     | Killed Rupert
 23323 | D:13     | Noticed vilekko's ghost (journeyman MiFi)
 23335 | D:13     | Killed vilekko's ghost
 24208 | D:13     | Found a portal to a secret trove of treasure.
 24360 | D:13     | Found a gate to the Vaults.
 24672 | D:14     | Found a shadowy altar of Dithmenos.
 24844 | D:14     | Identified a scroll of acquirement
 24847 | D:14     | Got a pitted marble ring
 24849 | D:14     | Identified the ring of the Genius {rElec MP-9 Str+4 Int+3 Dex+7} (You acquired it on level 14 of the Dungeon)
 25145 | D:14     | Reached skill level 20 in Maces & Flails
 25344 | Swamp:1  | Entered Level 1 of the Swamp
 25465 | Swamp:1  | Received a gift from Okawaru
 25513 | Lair:2   | HP: 3/147 [blink frog (9)]
 25520 | Lair:2   | HP: 4/220 [poisoned by a spiny frog]
 25526 | Lair:2   | HP: 3/147 [poisoned by a spiny frog]
 26157 | Swamp:1  | Noticed Donald
 26174 | Swamp:1  | Killed Donald
 26846 | Swamp:2  | Received a gift from Okawaru
 26846 | Swamp:2  | Reached XP level 16. HP: 118/155 MP: 10/19
 26890 | Swamp:2  | Got a pair of bloodstained boots
 26906 | Swamp:2  | Identified the cursed +0 pair of boots "Onax" {Dex+5} (You found it on level 2 of the Swamp)
 27254 | Swamp:3  | Noticed a thorn hunter
 27267 | Swamp:3  | Killed a thorn hunter
 28137 | Swamp:4  | Entered Level 4 of the Swamp
 28753 | Swamp:4  | HP: 7/157 [eight-headed hydra (13)]
 28761 | Swamp:4  | HP: 6/157 [eight-headed hydra (2)]
 28762 | Swamp:4  | HP: 1/157 [eight-headed hydra (6)]
 28762 | Swamp:4  | Mangled by an eight-headed hydra

Skill      XL: |  1  2  3  4  5  6  7  8  9 10 11 12 13 14 15 16 |
---------------+-------------------------------------------------+-----
Fighting       | 4 5 6 7 9 10 12 13 14 15 16 17 18 | 18.2
Maces & Flails | 3 5 6 7 9 11 13 15 16 17 18 19 20 | 20.9
Invocations    | 2 5 |  5.5
Armour         | 4 8 10 12 13 14 | 14.5
Shields        | 6 9 11 13 14 | 14.0

Action                   |  1- 3 |  4- 6 |  7- 9 | 10-12 | 13-15 | 16-18 || total
-------------------------+-------+-------+-------+-------+-------+-------++-------
Melee: Flail             |    80 |   104 |   335 |   321 |       |       ||   840
       Headbutt          |    14 |    12 |    61 |   125 |   337 |    62 ||   611
       Morningstar       |       |       |       |   323 |  1335 |   227 ||  1885
       Punch             |       |       |       |     1 |       |       ||     1
Invok: Heroism           |       |       |     1 |    12 |    26 |     6 ||    45
       Finesse           |       |       |       |     2 |     9 |     2 ||    13
Evoke: Wand              |       |       |       |       |       |     2 ||     2
  Use: Scroll            |     2 |     7 |     6 |     9 |    13 |     8 ||    45
       Potion            |       |       |       |     1 |     1 |       ||     2
 Stab: Petrifying        |       |       |       |       |     1 |       ||     1
       Petrified         |       |       |       |       |     1 |       ||     1
       Confused          |       |       |       |       |       |     2 ||     2
  Eat: Chunk             |       |     7 |    11 |    21 |    40 |     5 ||    84
       Pizza             |       |       |       |     3 |       |       ||     3
Armor: Scale mail        |    44 |    54 |    24 |       |       |       ||   122
       Storm dragon scal |       |       |   172 |   345 |   770 |   113 ||  1400
Dodge: Dodged            |    42 |    58 |   126 |   193 |   491 |    61 ||   971
Block: Buckler           |       |       |       |    39 |   419 |       ||   458
       Shield            |       |       |       |       |    32 |   127 ||   159
       Reflection        |       |       |       |       |       |     1 ||     1
